 Dungeon Crawl Stone Soup version 0.30.0-5-g1a98f26d00 (webtiles) character file.

Game seed: 830209695224860302

17 qeuew the Covered (level 2, 5/27 HPs)
             Began as a Minotaur Fighter on May 12, 2023.
             Got out of the dungeon alive.
             The game lasted 00:01:29 (548 turns).

qeuew the Covered (Minotaur Fighter)                 Turns: 548, Time: 00:01:29

Health: 5/27       AC: 10    Str: 20    XL:     2   Next: 44%
Magic:  1/1        EV:  9    Int:  5    God:
Gold:   709        SH:  4    Dex:  9    Spells: 1/1 levels left

rFire   . . .        a - +0 war axe
rCold   . . .        c - +0 buckler
rNeg    . . .        b - +0 scale mail
rPois   .            (helmet restricted)
rElec   .            (no cloak)
rCorr   .            (no gloves)
SInv    .            h - +2 pair of boots
Will    .....        (no amulet) Stlth
                     (no ring)
HPRegen 0.24/turn    (no ring)
MPRegen 0.07/turn

%: no passive effects
@: no status effects
A: horns 2, retaliatory headbutt
a: no special abilities


You escaped.
You visited 1 branch of the dungeon, and saw 1 of its levels.

You collected 709 gold pieces.

Inventory:

Hand Weapons
 a - a +0 war axe (weapon)
Armour
 b - a +0 scale mail (worn)
 c - a +0 buckler (worn)
 h - a +2 pair of boots (worn)
Scrolls
 f - a scroll of teleportation
Potions
 d - a potion of might
 i - 2 potions of brilliance


   Skills:
 + Level 3.8 Fighting
 + Level 2.6 Axes
 * Level 4.0 Armour
 + Level 0.7 Dodging
 + Level 3.8 Shields


You had one spell level left.
You didn't know any spells.
Your spell library contained the following spells:

 Spells                   Type           Power      Damage    Failure   Level
 Frozen Ramparts          Ice            0%         1d1       99%         3
 Ice Form                 Ice/Tmut       0%         N/A       100%        4
 Summon Ice Beast         Ice/Summ       0%         N/A       100%        4


Dungeon Overview and Level Annotations

Branches:
Dungeon (1/15)

Altars:


Innate Abilities, Weirdness & Mutations

You have a pair of horns on your head.
You reflexively headbutt those who attack you in melee.


Message History

You feel strangely unstable.
It was a scroll of teleportation.
As you read the scroll labelled TOESEJ ACOLOG, it crumbles to dust.
It is a scroll of identify.
i - a potion of brilliance This is a scroll of acquirement!
Something appears at your feet!
Your surroundings suddenly seem different.
Something appears at your feet!
You now have 709 gold pieces (gained 680).
i - 2 potions of brilliance (gained 1)
Okay, then.
Okay, then.
Okay, then.
Really walk into a travel-excluded area? [Y]es or [N]o only, please.
Really walk into a travel-excluded area?
Okay, then.
Really walk into a travel-excluded area?
Okay, then.
Really walk into a travel-excluded area?
You are engulfed in blazing flames.
Really walk into that cloud of flame?
Okay, then.
You have 709 gold pieces.
Unknown command.
Unknown command.
You are engulfed in blazing flames.
Ouch! That really hurt!
* * * LOW HITPOINT WARNING * * *
Unknown command.
Unknown command.
Unknown command.
Unknown command.
Unknown command.
Okay, then.
Okay, then.
Okay, then.
There is a staircase leading out of the dungeon here.
Are you sure you want to leave the Dungeon?
This will make you lose the game!
You have escaped!

........####.......####.#
####.....# ###.###.>....#
# #.#.#.# #.# ###...## ##
#.###.######### #.#.### .#
#+#...........###.#...# .#
#(#...........#...##..#
.###)#.#..#..#...#.####.##
.)...+..≈○.......#.# ##.#
..####.8.○......@### #..#
.....+..≈........# #.##
÷.##+#.#..#..#...# #.#
...#.#...........# ###.#
...#)#...........# #...#
.....###.######### #.###
..##.....# #....###.#
#######.## #.##..##.#
....# #.# #.##...#.#


There were no monsters in sight!

Vanquished Creatures
  4 ball pythons (D:1)
  2 endoplasms (D:1)
  2 goblins (D:1)
  2 hobgoblins (D:1)
  A kobold (D:1)
  A bat (D:1)
  A frilled lizard (D:1)
  2 rats (D:1)
15 creatures vanquished.

Notes
Turn   | Place    | Note
-------+----------+-------------------------------------------
     0 | D:1      | qeuew the Minotaur Fighter began the quest for the Orb.
     0 | D:1      | Reached XP level 1. HP: 19/19 MP: 0/0
   173 | D:1      | Reached XP level 2. HP: 25/27 MP: 1/1
   252 | D:1      | Reached skill level 4 in Armour
   349 | D:1      | Found a faded altar of an unknown god.
   502 | D:1      | Identified 2 scrolls of acquirement
   502 | D:1      | Acquired the +0 buckler of Words of Power {rElec Will+
                  | Int+4}
   503 | D:1      | Acquired 680 gold pieces
   531 | D:1      | HP: 1/27 [something (16)]
   548 | D:$      | Got out of the dungeon alive.

Illustrated notes

Levels and vault maps discovered:
D:1:      shiori_arrival_oz, layout_rooms, ebering_ecumenical_altar_abandoned

Skill      XL: |  1  2 |
---------------+-------+-----
Armour         | 4 |  4.0
Fighting       | |  3.8
Axes           | |  2.6
Dodging        | |  0.7
Shields        | |  3.8

Action                     || total
---------------------------++-------
  Melee: War axe           ||    29
         Headbutt          ||     3
    Use: Scroll            ||     5
 Armour: Scale mail        ||    14
  Dodge: Dodged            ||    11
  Block: Buckler           ||     3
